 Dungeon Crawl Stone Soup version 0.32-a0-893-gf85d74f360 (webtiles) character file.

Game seed: 10340484594887216642

176 PsycTheWalrus the Covered (level 5, -15/47 HPs)
             Began as a Minotaur Fighter on Apr 3, 2024.
             Was an Initiate of Makhleb.
             Demolished by an orc priest
             ... wielding a +2 hand axe of electrocution
              (19 damage)
             ... on level 4 of the Dungeon.
             The game lasted 00:09:32 (2544 turns).

PsycTheWalrus the Covered (Minotaur Fighter)        Turns: 2544, Time: 00:09:33

Health: -15/47     AC:  8    Str: 22    XL:     5   Next: 30%
Magic:  4/4        EV:  8    Int:  5    God:    Makhleb [......]
Gold:   40         SH:  4    Dex: 10    Spells: 4/4 levels left

rFire   . . .        a - +0 war axe
rCold   . . .        c - +0 buckler
rNeg    . . .        b - +0 scale mail
rPois   .            (helmet restricted)
rElec   .            (no cloak)
rCorr   .            n - +0 pair of gloves
SInv    +            (no boots)
Will    .....        (no amulet) Stlth
                     h - ring of see invisible
HPRegen 0.27/turn    (no ring)
MPRegen 0.09/turn

%: no passive effects
@: no status effects
A: horns 2, retaliatory headbutt
a: Renounce Religion


You were on level 4 of the Dungeon.
You worshipped Makhleb.
Makhleb was noncommittal.
You visited 1 branch of the dungeon, and saw 4 of its levels.

You collected 80 gold pieces.
You spent 40 gold pieces at shops.

Inventory:

Hand Weapons
 a - a +0 war axe (weapon)
Armour
 b - a +0 scale mail (worn)
 c - a +0 buckler (worn)
 n - a +0 pair of gloves (worn)
Jewellery
 h - a ring of see invisible (left hand)
Wands
 i - a wand of paralysis (8)
Scrolls
 e - 3 scrolls of identify
 f - a scroll of poison {unknown}
 j - a scroll of brand weapon {unknown}
 l - a scroll of blinking {unknown}
 o - a scroll of immolation {unknown}
 p - a scroll of revelation
 r - a scroll of teleportation
Potions
 d - a potion of might
 g - a potion of mutation
 k - a potion of berserk rage
 m - a potion of haste {unknown}
 q - a potion of resistance {unknown}
 t - 3 potions of degeneration
 u - a potion of attraction {unknown}
 v - a potion of ambrosia {unknown}
 w - a potion of cancellation {unknown}
 x - 2 potions of enlightenment {unknown}


   Skills:
 + Level 4.6 Fighting
 * Level 4.4 Axes
 + Level 4.7 Armour
 + Level 4.6 Shields


You had 4 spell levels left.
You didn't know any spells.
Your spell library was empty.

Dungeon Overview and Level Annotations

Branches:
Dungeon (4/15)
 Temple: D:4-7

Altars:
Gozag
Makhleb

Shops:
D:3 !


Innate Abilities, Weirdness & Mutations

You have a pair of horns on your head.
You reflexively headbutt those who attack you in melee.


Message History

No target in view!
You see here a +0 spear.
An orc priest comes into view.
It is wielding a +2 hand axe of electrocution.
The orc priest shouts!
An orc comes into view. It is wielding a +0 club.
The orc shouts!
An orc priest comes into view. It is wielding a +0 short sword.
The orc priest shouts!
You hear a shout! x2
The orc priest looks braver for a moment.
An orc comes into view. It is wielding a +0 dagger.
The orc shouts!
The orc priest miscasts a cantrip.
You hit the orc priest. Your headbutt misses the orc priest.
The orc priest is moderately wounded.
An orc comes into view. It is wielding a +0 short sword.
The orc hits you with a +0 club.
The orc priest hits you with a +2 hand axe of electrocution.
You barely miss the orc priest.
The orc priest is moderately wounded.
You closely miss the orc.
The orc shouts!
The orc priest hits you with a +2 hand axe of electrocution!
You are electrocuted!
The orc hits you but does no damage.
You feel better. You block the orc's attack.
The orc priest invokes the aid of Beogh against you.
You barely resist. You barely miss the orc priest.
The orc priest is moderately wounded.
You slash the orc!
You kill the orc!
Makhleb accepts your kill.
You hit the orc priest.
The orc priest hits you with a +2 hand axe of electrocution.
You are electrocuted!!
* * * LOW HITPOINT WARNING * * *
The orc priest hits you but does no damage.
A hobgoblin comes into view.
The orc priest hits you but does no damage.
You are electrocuted!!
You die...

#.#†..#### # #.##.##### #
#.##.....# # #.######.# #
# #.# #.# # #. #.######.#
# #####.### #......#.###
g...o.)o#####..)._......
#@...........#.###
#..o.............##
########...##.#...##
######....... #.#...##
##########.##.##
#########........#.##.#
#....)................###
#.######................#


You could see 2 orc priests, an orc and a hobgoblin.

Vanquished Creatures
  A phantom (D:3)
  5 adders
  A ribbon worm (D:3)
  An orc (D:4)
  3 ball pythons
  6 bats
  5 endoplasms
  2 giant cockroaches
  5 goblins
  5 hobgoblins
  2 jackals (D:2)
  3 quokkas
  A frilled lizard (D:2)
  6 kobolds
  6 rats
52 creatures vanquished.

Notes
Turn   | Place    | Note
-------+----------+-------------------------------------------
     0 | D:1      | PsycTheWalrus the Minotaur Fighter began the quest for the
                  | Orb.
     0 | D:1      | Reached XP level 1. HP: 19/19 MP: 0/0
   345 | D:1      | Reached XP level 2. HP: 24/27 MP: 1/1
   818 | D:2      | Reached XP level 3. HP: 29/33 MP: 2/2
   863 | D:2      | Found a faded altar of an unknown god.
  1600 | D:3      | Noticed a phantom
  1607 | D:3      | Reached XP level 4. HP: 26/40 MP: 3/3
  1612 | D:3      | Killed a phantom
  1613 | D:3      | Reached XP level 5. HP: 30/47 MP: 4/4
  1689 | D:3      | Found a burning altar of Makhleb.
  1689 | D:3      | Noticed a balrug
  1716 | D:3      | Noticed a neqoxec
  1716 | D:3      | Noticed a ynoxinul
  1726 | D:3      | Became a worshipper of Makhleb the Destroyer
  2083 | D:3      | Found Verimiro's Distillery.
  2086 | D:3      | Bought a potion of curing for 30 gold pieces
  2086 | D:3      | Bought a potion of degeneration for 10 gold pieces
  2362 | D:4      | Found an opulent altar of Gozag.
  2544 | D:4      | Demolished by an orc priest

Illustrated notes

Levels and vault maps discovered:
D:1:      amcnicky_arrival_feature_with_door, layout_loops_corners,
          serial_forest, infiniplex_forest_straight_4,
          infiniplex_forest_lined_3, infiniplex_forest_zigzag_1,
          infiniplex_forest_lined_3, infiniplex_forest_clump_tiny
D:2:      layout_basic, hellmonk_ecumenical_altar_arch_garden
D:3:      layout_loops_ring, makhleb_altar_promises_db, serial_shops,
          nicolae_shop_tiny_real_fake_doors
D:4:      layout_loops_ring, nicolae_gozag_seed_capital

Skill      XL: |  1  2  3  4 |
---------------+-------------+-----
Armour         | 4 |  4.7
Fighting       | 4 |  4.6
Axes           | 3 4 |  4.4
Shields        | 4 |  4.6

Action                     |  1- 3 |  4- 6 || total
---------------------------+-------+-------++-------
  Melee: War axe           |    71 |    37 ||   108
         Headbutt          |     8 |     3 ||    11
    Use: Scroll            |     3 |     1 ||     4
         Potion            |       |     1 ||     1
 Armour: Scale mail        |    73 |    24 ||    97
  Dodge: Dodged            |    25 |    13 ||    38
  Block: Buckler           |     8 |     7 ||    15

Table legend: (Time is in decaauts)
 A = Elapsed time spent in this place.
 B = Non-inter-level travel time spent in this place.
 C = Inter-level travel time spent in this place.
 D = Time resting spent in this place.
 E = Time spent auto-exploring this place.
 F = Levels seen in this place.
 G = Mean time per level.
                   A        B        C        D        E       F      G
               +--------+--------+--------+--------+--------+-----+--------+
         Total |   2581 |   2509 |     72 |     58 |   2099 |   4 |  645.2 |
       Dungeon |   2581 |   2509 |     72 |     58 |   2099 |   4 |  645.2 |
               +--------+--------+--------+--------+--------+-----+--------+

Top non-repeatable levels by time:
     D:1: 815 daAuts
     D:3: 730 daAuts
     D:2: 722 daAuts
     D:4: 313 daAuts
